 Dungeon Crawl Stone Soup version 0.17-a0-877-ga10078a (webtiles) character file.

13512 Charly the Destroyer (level 11, -7/54 HPs)
             Began as a Deep Elf Ice Elementalist on Apr 30, 2015.
             Was an Elder of Kikubaaqudgha.
             Mangled by an elephant (14 damage)
             ... on level 7 of the Lair of Beasts.
             The game lasted 01:29:36 (5712 turns).

Charly the Destroyer (Deep Elf Ice Elementalist)    Turns: 5712, Time: 01:29:36

Health: -7/54      AC: 12    Str:  5    XL:     11   Next: 76%
Magic:  36/37      EV: 12    Int: 24    God:    Kikubaaqudgha [****..]
Gold:   515        SH:  3    Dex: 15    Spells: 10 memorised, 5 levels left

rFire  . . .     SeeInvis .     B - staff of wizardry
rCold  . . .     Clarity  .     p - +2 robe {MR+}
rNeg   . . .     SustAb   .     q - +0 buckler
rPois  +         Gourm    +     (no helmet)
rElec  .         Spirit   .     (no cloak)
rCorr  .         Warding  .     (no gloves)
rMut   .         Stasis   .     (no boots)
MR     ++...                    F - amulet of the gourmand
Stlth  ++........               u - ring of magical power
                                j - ring of wizardry

@: icy armour, hasted, very quick, very resistant to hostile enchantments,
unstealthy
A: poison resistance
a: Receive Corpses, Renounce Religion


You were on level 7 of the Lair of Beasts.
You worshipped Kikubaaqudgha.
Kikubaaqudgha was greatly pleased with you.
You were not hungry.

You visited 3 branches of the dungeon, and saw 19 of its levels.

You collected 515 gold pieces.

Inventory:

Hand weapons
 a - a +0 long sword of protection
 b - a +0 blowgun
 v - the +4 whip "Loqudira" {slash, rElec Dex-2 SInv}
   (You found it on level 6 of the Dungeon)

   It inflicts extra damage upon your enemies.
   It affects your dexterity (-2).
   It insulates you from electricity.
   It enhances your eyesight.
 R - the +7 whip of Cocytus {venom, Str-3 Dex+3}
   (You found it on level 5 of the Lair of Beasts)

   It poisons the flesh of those it strikes.
   It affects your strength (-3).
   It affects your dexterity (+3).
Missiles
 i - 50 poisoned needles
 C - 2 throwing nets (quivered)
Armour
 p - a +2 robe of magic resistance (worn)
 q - a +0 buckler (worn)
Magical staves
 B - an uncursed staff of wizardry (weapon)
Jewellery
 d - an uncursed ring of protection from cold
 j - a ring of wizardry (left hand)
 s - an uncursed amulet of warding
 u - a ring of magical power (right hand)
 F - an amulet of the gourmand (around neck)
 J - an uncursed ring of teleportation
Magical devices
 k - a wand of fire (5)
 o - a wand of paralysis (8)
 r - a wand of teleportation (4)
 E - a wand of magic darts (10)
 G - a wand of cold (7)
 M - a wand of draining (8)
Scrolls
 l - 2 scrolls of remove curse
 m - 2 scrolls of enchant armour {unknown}
 w - 3 scrolls of teleportation
 y - 2 scrolls of recharging
 H - a scroll of amnesia
 L - a scroll of magic mapping
 O - a scroll of summoning {unknown}
 Q - 2 scrolls of fog
Potions
 e - 3 potions of flight
 f - a potion of agility
 g - 6 potions of curing
 h - 2 potions of might
 n - 2 potions of haste
 A - a potion of cure mutation
 D - a potion of brilliance {unknown}
 K - a potion of resistance {unknown}
 S - a potion of berserk rage {unknown}
 T - a potion of lignification {unknown}
Books
 x - Kikubaaqudgha's Incunabulum of Evil
   (Kikubaaqudgha gifted it to you on level 8 of the Dungeon)

   Spells                             Type                      Level
   a - Animate Skeleton               Necromancy                   1
   b - Corpse Rot                     Necromancy                   2
   c - Sublimation of Blood           Necromancy                   2
   d - Regeneration                   Charms/Necromancy            3
   e - Control Undead                 Necromancy                   4
 I - Kikubaaqudgha's Catalogue of Sinister Magic
   (Kikubaaqudgha gifted it to you on level 1 of the Lair of Beasts)

   Spells                             Type                      Level
   a - Animate Dead                   Necromancy                   4
   b - Bolt of Draining               Conjuration/Necromancy       5
   c - Agony                          Necromancy                   5
   d - Dispel Undead                  Necromancy                   5
   e - Simulacrum                     Ice/Necromancy               6
Comestibles
 c - 7 bread rations
 t - 3 meat rations
 N - 2 beef jerkies


   Skills:
 - Level 2.4 Dodging
 - Level 2.4 Stealth
 + Level 11.3 Spellcasting
 + Level 12.1 Conjurations
 + Level 10.0 Necromancy
 - Level 11.2 Ice Magic


You had 5 spell levels left.
You knew the following spells:

 Your Spells              Type           Power        Failure   Level  Hunger
a - Ozocubu's Armour      Chrm/Ice       #####...     1%          3    None
b - Summon Ice Beast      Ice/Summ       #####...     2%          4    None
f - Freeze                Ice            ####         1%          1    None
i - Throw Icicle          Conj/Ice       ######..     1%          4    None
r - Regeneration          Chrm/Necr      #####.....   1%          3    None
s - Sublimation of Blood  Necr           ######....   1%          2    None
A - Animate Skeleton      Necr           N/A          1%          1    None
B - Summon Butterflies    Summ           ##......     2%          1    None
F - Throw Frost           Conj/Ice       ######       1%          2    None
S - Simulacrum            Ice/Necr       ######....   4%          6    #####..


Dungeon Overview and Level Annotations

Branches:
Dungeon (10/15)            Temple (1/1) D:5            Lair (8/8) D:8
    Orc (0/4) D:10
  Swamp: Lair:3-6    Shoals: Lair:3-6     Snake: Lair:3-6    Spider: Lair:3-6
  Slime: Lair:6-8

Altars:
Ashenzari
Dithmenos
Elyvilon
Fedhas
Gozag
Kikubaaqudgha
Okawaru
Qazlal
Ru
Sif Muna
Trog
Xom
Zin

Shops:
D:9 *

Annotations:
D:4 Nr616's ghost, experienced NaMo
D:5 Nr616's ghost, experienced NaMo
D:9 Joseph
Lair:3 Maud


Innate Abilities, Weirdness & Mutations

Your system is resistant to poisons.


Message History

The spiny frog gives a loud, deep croak!
The elephant tramples the fungus!
The elephant trunk-slaps the fungus.
The elephant closely misses you.
The elephant trunk-slaps you but does no damage.
Found 21 gold pieces.
There is a stone staircase leading up here.
The elephant closely misses you.
The elephant trunk-slaps you but does no damage.
The yak gores you.
You climb upwards.
There is a stone staircase leading down here.
The yak gores you!
* * * LOW HITPOINT WARNING * * *
Found a leather armour.
Drink which item? (? for menu, Esc to quit)
Okay, then.
Drink which item? (? for menu, Esc to quit)
You feel yourself speed up. The elephant tramples you!
You die...
Kikubaaqudgha rasps: "You have failed me!
Welcome... death!"

...P......................
PP.P.P...###.......P..#....[
PPP..#....#......[.##...#....
..PP#...........<..#.#.# .....
#P.....................##.....#
.P..#.....#...........##........
'P...#...##P.....Y#.............
P....##.####....Y###.Y..#.......
P....#...# #....@#.####........#.
#..P###....#........#.##......#.#
.................................
#................................
.................................
......... .......................
....... ......................
.... ......[..#.#....>.... .....
P ......P..#......P##.


You could see an elephant and a yak.

Vanquished Creatures
  Pikel (D:4)
  2 spiny frogs
  A komodo dragon (Lair:6)
  A fire drake (Lair:5)
  A two-headed ogre (D:9)
  8 blink frogs
  12 yaks
  A hippogriff (D:8)
  5 water moccasins
  3 porcupines
  3 wolves (Lair:2)
  2 slaves (D:4)
  A black bear (D:6)
  4 orc warriors
  7 ogres
  3 crocodiles
  9 giant frogs
  A gnoll sergeant (D:8)
  A scorpion (D:7)
  3 jellies
  17 killer bees
  2 crimson imps (D:6)
  6 orc wizards
  Ijyb (D:3)
  2 hounds
  Jessica (D:2)
  3 iguanas
  An orc priest (D:3)
  A worker ant (D:4)
  A hound skeleton (D:8)
  3 gnolls (D:8)
  10 adders
  18 river rats
  An ooze (D:4)
  A worm (D:4)
  28 orcs
  2 ball pythons
  A bat skeleton (D:4)
  A bat zombie (D:7)
  5 hobgoblins
  10 kobolds
  2 quokkas
  8 bats
  A giant gecko (D:5)
  A giant newt (D:3)
  2 giant spores (D:7)
  9 goblins
  7 jackals
  12 rats
  9 ballistomycetes (D:7)
  2 fungi (D:8)
237 creatures vanquished.

Vanquished Creatures (collateral kills)
  6 death yaks (Lair:7)
  A spiny frog (Lair:4)
  A komodo dragon (Lair:7)
  A polar bear (Lair:7)
  2 blink frogs
  3 yaks
  A hippogriff (Lair:7)
  A basilisk (Lair:4)
  3 wolves (Lair:2)
  A porcupine (Lair:7)
  A water moccasin (Lair:6)
  2 ice beasts
  A wasp (D:8)
  A crocodile (Lair:5)
  A giant frog (Lair:4)
  4 killer bees
  An iguana (Lair:4)
  3 gnolls (D:8)
  4 river rats (Lair:4)
  An adder zombie (D:8)
  2 bats (D:9)
41 creatures vanquished.

Vanquished Creatures (others)
  A black mamba (Lair:7)
  7 ice beasts
  2 butterflies (Lair:4)
10 creatures vanquished.

Grand Total: 288 creatures vanquished

Notes
Turn   | Place    | Note
--------------------------------------------------------------
     0 | D:1      | Charly, the Deep Elf Ice Elementalist, began the quest for the Orb.
     0 | D:1      | Reached XP level 1. HP: 10/10 MP: 6/6
   236 | D:2      | Found a sacrificial altar of Ru.
   240 | D:2      | Noticed an orc wizard
   243 | D:2      | Reached XP level 2. HP: 15/15 MP: 2/8
   258 | D:2      | Killed an orc wizard
   258 | D:2      | Reached skill level 4 in Spellcasting
   258 | D:2      | Reached XP level 3. HP: 7/19 MP: 0/10
   280 | D:2      | Learned a level 2 spell: Throw Frost
   403 | D:2      | Noticed Jessica
   407 | D:2      | Killed Jessica
   407 | D:2      | Reached XP level 4. HP: 20/24 MP: 7/12
   414 | D:2      | Learned a level 4 spell: Throw Icicle
   731 | D:3      | Reached skill level 5 in Spellcasting
   747 | D:3      | Noticed Ijyb
   760 | D:3      | Killed Ijyb
   801 | D:3      | Reached XP level 5. HP: 28/28 MP: 5/14
   879 | D:3      | Reached skill level 5 in Ice Magic
  1044 | D:4      | Reached XP level 6. HP: 13/32 MP: 3/16
  1099 | D:4      | Noticed Nr616's ghost (experienced NaMo)
  1216 | D:4      | Learned a level 3 spell: Ozocubu's Armour
  1221 | D:4      | Learned a level 4 spell: Summon Ice Beast
  1312 | D:4      | Reached skill level 6 in Spellcasting
  1399 | D:4      | Noticed a slave
  1399 | D:4      | Noticed an ogre
  1400 | D:4      | Noticed a slave
  1441 | D:4      | Killed an ogre
  1489 | D:4      | Killed a slave
  1493 | D:4      | Noticed a slave
  1513 | D:4      | Killed a slave
  1517 | D:4      | Noticed Pikel
  1518 | D:4      | Noticed a slave
  1540 | D:4      | Killed Pikel
  1540 | D:4      | Reached skill level 7 in Spellcasting
  1540 | D:4      | Reached skill level 5 in Conjurations
  1540 | D:4      | Reached XP level 7. HP: 20/36 MP: 0/20
  1556 | D:4      | Found a shadowy altar of Dithmenos.
  1623 | D:5      | Entered Level 5 of the Dungeon
  1636 | D:5      | Found an iron altar of Okawaru.
  1675 | D:5      | Noticed Nr616's ghost (experienced NaMo)
  1730 | D:5      | Found a staircase to the Ecumenical Temple.
  1898 | D:6      | Reached XP level 8. HP: 41/41 MP: 13/21
  1917 | D:6      | Got a bloodstained whip
  1918 | D:6      | Identified the +4 whip "Loqudira" {slash, rElec Dex-2 SInv} (You found it on level 6 of the Dungeon)
  1924 | D:6      | Found a bloodstained altar of Trog.
  1930 | D:6      | Reached skill level 8 in Spellcasting
  2036 | Temple   | Entered the Ecumenical Temple
  2047 | Temple   | Became a worshipper of Kikubaaqudgha
  2474 | D:7      | Reached XP level 9. HP: 23/45 MP: 7/23
  2655 | D:8      | Reached skill level 9 in Ice Magic
  2673 | D:8      | Found a deep blue altar of Sif Muna.
  2683 | D:8      | Acquired Kikubaaqudgha's first power
  2683 | D:8      | Received a gift from Kikubaaqudgha
  2684 | D:8      | Identified Kikubaaqudgha's Incunabulum of Evil (Kikubaaqudgha gifted it to you on level 8 of the Dungeon)
  2690 | D:8      | Learned a level 1 spell: Animate Skeleton
  2694 | D:8      | Learned a level 3 spell: Regeneration
  2697 | D:8      | Learned a level 2 spell: Sublimation of Blood
  2834 | D:8      | Reached skill level 1 in Necromancy
  2857 | D:8      | Learned a level 1 spell: Summon Butterflies
  3105 | D:8      | Found a staircase to the Lair.
  3196 | D:9      | Found an opulent altar of Gozag.
  3196 | D:9      | Found Gozag's Platinum Reserve.
  3245 | D:9      | Noticed Joseph
  3314 | D:8      | Acquired Kikubaaqudgha's second power
  3370 | D:9      | Reached skill level 10 in Ice Magic
  3451 | D:9      | Found a blossoming altar of Fedhas.
  3508 | D:10     | Entered Level 10 of the Dungeon
  3591 | D:10     | Found a staircase to the Orcish Mines.
  3689 | D:10     | Gained mutation: Your system is resistant to poisons. [potion of beneficial mutation]
  3810 | D:10     | Reached skill level 5 in Necromancy
  3827 | D:10     | Reached XP level 10. HP: 43/50 MP: 2/24
  4053 | D:9      | Found a glowing silver altar of Zin.
  4119 | Lair:1   | Entered Level 1 of the Lair of Beasts
  4178 | Lair:1   | Received a gift from Kikubaaqudgha
  4179 | Lair:1   | Identified Kikubaaqudgha's Catalogue of Sinister Magic (Kikubaaqudgha gifted it to you on level 1 of the Lair of Beasts)
  4308 | Lair:3   | Reached skill level 10 in Conjurations
  4354 | Lair:3   | Reached skill level 11 in Ice Magic
  4496 | Lair:3   | Noticed Maud
  4822 | Lair:4   | Reached XP level 11. HP: 31/54 MP: 26/26
  4830 | Lair:4   | Learned a level 6 spell: Simulacrum
  4957 | Lair:5   | Acquired Kikubaaqudgha's third power
  5011 | Lair:5   | HP: 1/54 [blink frog (15)]
  5104 | Lair:5   | Got a brightly glowing whip
  5109 | Lair:5   | Identified the +7 whip of Cocytus {venom, Str-3 Dex+3} (You found it on level 5 of the Lair of Beasts)
  5134 | Lair:5   | Reached skill level 10 in Spellcasting
  5412 | Lair:7   | Noticed a death yak
  5418 | Lair:7   | Killed a death yak
  5426 | Lair:7   | Noticed a death yak
  5429 | Lair:7   | Noticed a death yak
  5429 | Lair:7   | Noticed a death yak
  5431 | Lair:7   | Noticed a death yak
  5435 | Lair:7   | Killed a death yak
  5435 | Lair:7   | Killed a death yak
  5437 | Lair:7   | Noticed a death yak
  5437 | Lair:7   | Killed a death yak
  5439 | Lair:7   | Killed a death yak
  5448 | Lair:7   | Killed a death yak
  5475 | Lair:7   | Reached skill level 12 in Conjurations
  5606 | Lair:7   | Reached skill level 10 in Necromancy
  5649 | Lair:8   | Entered Level 8 of the Lair of Beasts
  5712 | Lair:7   | Mangled by an elephant

Action                   |  1- 3 |  4- 6 |  7- 9 | 10-12 || total
-------------------------+-------+-------+-------+-------++-------
Melee: Unarmed           |     5 |       |       |       ||     5
       Long sword        |       |    40 |   102 |       ||   142
       Whip              |       |       |     1 |       ||     1
       Staff             |       |       |       |     9 ||     9
 Cast: Freeze            |    20 |    67 |    97 |    66 ||   250
       Throw Frost       |       |    26 |    79 |    91 ||   196
       Throw Icicle      |       |     6 |    28 |    61 ||    95
       Summon Ice Beast  |       |       |    12 |     5 ||    17
       Regeneration      |       |       |     6 |    46 ||    52
       Sublimation of Bl |       |       |     5 |    70 ||    75
       Ozocubu's Armour  |       |       |     3 |     7 ||    10
       Animate Skeleton  |       |       |     1 |    14 ||    15
       Summon Butterflie |       |       |     1 |     1 ||     2
       Simulacrum        |       |       |       |    12 ||    12
Invok: Receive Corpses   |       |       |       |     4 ||     4
Evoke: Wand              |       |     7 |     3 |    13 ||    23
  Use: Scroll            |       |     5 |    13 |     8 ||    26
       Potion            |       |     3 |     3 |     4 ||    10
 Stab: Paralysed         |     5 |    14 |     3 |     7 ||    29
       Sleeping          |       |       |     1 |       ||     1
  Eat: Meat ration       |       |     1 |       |       ||     1
       Beef jerky        |       |       |     2 |       ||     2
       Bread ration      |       |       |     1 |       ||     1
       Chunk             |       |       |       |    16 ||    16
       Pizza             |       |       |       |     1 ||     1
